Map: Terraform LE (Void)

Players

Sotirios

  • Race: Zerg Zerg
  • League: Grandmaster

AdultDiaper (MorN) - Winner!

  • Race: Terran Terran
  • League: Gold

VOD

https://www.youtube.com/watch?v=AB9m7s6ZbVU&feature=youtu.be

Description

I chose this build for a replay of the week because of the similarities it shows to Heart of the Swarm. The only main changes are what you can afford and when. Also, in Legacy of the Void, CC First is a much more viable build because of how fast you can get the command center down, compared to the rush distance on maps. The economy change made it so every race can get down buildings and expansions faster, but the time it takes for a unit to go across the map still stays the same, making greedy builds more viable in this new expansion.

Legacy has been pushing towards a more micro and agression based play. With all of the changes, it is harder to get maxed because of how fast your enemy attacks or you attack. Also, in my opinion, upgrades matter even more because turtling is harder to do.

This build starts off with a CC First into a quick 3-rax play. The point of the build is to try to get +1 attack, stim, combat shield, two medivacs, and 16 marines out as fast as possible. When you get these units, you have a ton of utility on the map to do one big attack, multi-prong attack them in their 3rd and main, or just force units out of them. After the starport goes down, I add a quick 4th and 5th barracks to create a strong followup push. This makes the build very all in. It is very hard to transition when you are constantly building out of 5 rax, a factory, and a starport. The amount of units that come for the followup push make up for this though.

One important thing is to stop producing SCVs once you get two base saturation and 3 gases.

Again, this is a very micro oriented build. Misclicks lose games with builds like this. I managed to get lucky and snipe his morphing banelings this game, but if they had formed, I would have split, picked up, and then kept on with the multipronged attacking!

~MorN_sc

Time

  • Played on: July 14, 2015, 8:59 p.m.
  • Length: 7:54
Show
View Real Time Build Order
Export as new Build Order

Sotirios Zerg 

Build Orders: Hatch First 

Get SALT Encoding   

  12  0:01  Drone  
  13  0:13  Overlord  
  13  0:17  Drone  
  14  0:32  Drone x2  
  16  0:37  Drone  
  17  0:46  Drone  
  18  0:56  Hatchery  
  17  0:59  Drone  
  18  1:08  Drone, Extractor  
  18  1:18  Drone  
  18  1:22  Spawning Pool  
  18  1:30  Overlord  
  18  1:40  Drone  
  19  1:50  Drone  
  20  2:01  Drone  
  21  2:09  Drone  
  21  2:10  Queen  
  21  2:13  Queen  
  21  2:14  Zergling x2  
  21  2:15  Metabolic Boost  
  27  2:19  Drone  
  28  2:27  Drone  
  29  2:30  Drone  
  30  2:41  Drone  
  31  2:46  Overlord  
  31  2:50  Hatchery  
  31  2:51  Drone x2  
  32  2:59  Drone  
  32  3:02  Drone  
  34  3:09  Roach Warren  
  32  3:22  Overlord  
  32  3:23  Drone x6  
  32  3:24  Drone  
  39  3:27  Drone  
  40  3:35  Zergling x2  
  40  3:37  Drone  
  40  3:38  Overlord  
  40  3:40  Drone  
  43  3:43  Drone  
  44  3:50  Extractor  
  44  3:54  Overlord  
  43  3:57  Drone  
  43  3:58  Drone x3, Roach x3  
  53  4:08  Extractor  
  52  4:11  Queen  
  52  4:13  Overlord  
  52  4:15  Drone x2  
  52  4:16  Drone, Roach  
  59  4:17  Extractor  
  59  4:21  Drone  
  60  4:24  Drone x3  
  60  4:28  Lair  
  62  4:37  Overlord  
  62  4:38  Drone x4  
  62  4:39  Drone x2  
  68  4:45  Drone  
  68  4:51  Evolution Chamber  
  68  4:52  Extractor  
  66  4:54  Evolution Chamber, Extractor  
  66  4:55  Drone x2  
  66  5:00  Overlord  
  66  5:04  Queen  
  66  5:05  Overlord  
  66  5:06  Drone x2, Roach  
  66  5:07  Roach  
  74  5:14  Baneling Nest  
  73  5:17  Drone x3  
  73  5:19  Overlord  
  73  5:21  Zerg Missile Weapons Level 1  
  76  5:24  Zerg Ground Armor Level 1  
  76  5:34  Hydralisk Den  
  75  5:39  Drone  
  75  5:40  Drone x2, Roach x4  
  86  5:49  Overseer  
  86  5:50  Lurker Den  
  86  5:52  Drone  
  86  5:53  Drone x2, Roach x3  
  95  5:57  Overseer  
  95  6:10  Zergling x2  
  95  6:11  Zergling x16  
  104  6:12  Zergling x2  
  98  6:27  Zergling x2  
  98  6:28  Zergling x14  
  99  6:45  Drone x3  
  99  6:46  Drone x3  
  106  6:47  Drone x4  
  109  6:55  Hydralisk  
  109  6:56  Hydralisk  
  104  7:16  Roach x3  
  104  7:17  Roach  
  109  7:26  Roach x7  
  110  7:34  Overlord  
  110  7:35  Overlord x2  
Show
View Real Time Build Order
Export as new Build Order

AdultDiaper Terran - Winner!

Build Orders: Command Center First (CC), MMM Bio 

Get SALT Encoding   

  12  0:00  SCV  
  13  0:12  SCV  
  14  0:25  SCV, Supply Depot  
  15  0:47  SCV  
  16  0:57  Command Center  
  16  1:01  SCV  
  17  1:12  Barracks  
  17  1:15  SCV  
  18  1:27  SCV  
  18  1:30  Refinery  
  19  1:39  SCV  
  20  1:40  Refinery  
  20  1:51  SCV  
  21  1:59  Marine  
  22  2:10  Orbital Command x2  
  22  2:16  Bunker  
  22  2:18  Marine  
  23  2:32  Barracks  
  23  2:33  Barracks  
  23  2:38  SCV  
  23  2:42  Barracks Reactor, Refinery  
  24  2:49  SCV  
  25  2:52  SCV  
  26  3:00  Supply Depot  
  25  3:05  SCV  
  25  3:06  SCV  
  27  3:16  Refinery  
  27  3:18  SCV x2  
  29  3:20  Barracks Tech Lab  
  29  3:21  Barracks Tech Lab  
  29  3:24  Factory  
  29  3:28  Marine x2  
  29  3:30  SCV  
  29  3:32  SCV  
  33  3:38  Engineering Bay  
  33  3:42  SCV  
  33  3:43  Stimpack  
  33  3:44  SCV  
  33  3:46  Marine x2  
  37  3:54  SCV  
  38  3:57  SCV, Supply Depot x2  
  38  4:00  Combat Shields  
  39  4:08  Starport  
  39  4:09  Factory Reactor  
  39  4:10  SCV  
  39  4:15  Refinery  
  40  4:17  Marine x3  
  40  4:20  Marine  
  40  4:23  SCV  
  45  4:26  Terran Infantry Weapons Level 1  
  45  4:31  SCV  
  45  4:35  Marine x2  
  45  4:36  SCV  
  49  4:40  Marine x2  
  49  4:41  Supply Depot  
  51  4:49  SCV  
  52  4:53  Barracks  
  52  4:56  Barracks  
  52  4:57  Medivac  
  54  5:00  Medivac  
  54  5:03  Marine  
  54  5:06  SCV  
  58  5:09  SCV  
  58  5:13  Supply Depot  
  59  5:14  Supply Depot  
  59  5:17  Marine  
  60  5:23  Factory Reactor  
  60  5:27  Medivac  
  62  5:30  Medivac  
  62  5:33  Marine x2  
  66  5:41  SCV  
  67  5:43  Marine  
  67  5:44  Supply Depot  
  67  5:45  Barracks Reactor  
  67  5:46  Barracks Reactor  
  68  5:50  SCV  
  68  5:56  Medivac  
  71  5:58  Marine x2  
  71  5:59  Marine  
  71  6:00  Widow Mine x2, Medivac  
  71  6:01  Marine  
  81  6:14  Supply Depot  
  81  6:15  Supply Depot  
  81  6:16  Marine x3  
  84  6:19  Marine  
  84  6:26  Medivac  
  83  6:33  Marine x3  
  83  6:34  Marine x3  
  83  6:36  Marine  
  86  6:40  Widow Mine  
  86  6:41  Marine, Widow Mine  
  86  6:42  Medivac  
  93  6:48  Supply Depot  
  93  6:51  Marine x2  
  93  6:52  Marauder, Marine  
  93  6:53  Marauder  
  100  6:56  Medivac  
  100  6:59  Marine x3  
  105  7:08  Marine x2  
  105  7:10  Marine  
  105  7:14  Marauder x2  
  112  7:16  Marine x2  
  112  7:17  Marine  
  115  7:26  Marine x2  
  115  7:27  Marine  
  109  7:34  Marine x2  
  109  7:35  Marine  
Tags
 
Add a new tag
Caveats
  • Supply blocks, unpowered buildings, or Contaminate may cause inaccurate times.
  • Supply counts are checked every 10 seconds.